Map: Cyber Forest LE

Players

PtitDrogo

  • Race: Protoss Protoss
  • Spawn Location: 5:00

ShoWTimE - Winner!

  • Race: Protoss Protoss
  • Spawn Location: 11:00

Event: 2019 WCS Spring

VOD

Have the link to the VOD?

Description

Time

  • Played on: May 17, 2019, 1:57 p.m.
  • Length: 9:08

All games in this series

Show
View Real Time Build Order
Export as new Build Order

PtitDrogo Protoss 

Build Orders:  

Get SALT Encoding   

  12  0:00  Probe  
  13  0:12  Probe  
  14  0:17  Pylon  
  14  0:23  Probe  
  15  0:32  Probe  
  15  0:38  Gateway  
  15  0:40  Probe  
  16  0:46  Assimilator  
  17  0:51  Probe  
  17  0:54  Assimilator  
  18  1:00  Probe  
  19  1:08  Probe  
  19  1:09  Gateway  
  19  1:17  Probe  
  20  1:25  Cybernetics Core  
  21  1:29  Probe  
  22  1:33  Pylon  
  22  1:41  Probe  
  23  1:52  Warp Gate  
  23  1:54  Probe  
  24  1:58  Pylon  
  24  2:02  Stalker  
  24  2:03  Sentry  
  28  2:09  Probe  
  29  2:28  Stalker  
  31  2:32  Stalker  
  33  2:47  Nexus  
  33  2:53  Probe  
  34  3:02  Sentry x2  
  38  3:11  Pylon  
  38  3:12  Probe  
  38  3:24  Probe  
  38  3:26  Shield Battery  
  39  3:30  Forge  
  39  3:36  Probe  
  40  3:41  Stalker, Shield Battery  
  40  3:44  Stalker  
  44  3:54  Robotics Facility  
  44  3:59  Probe  
  44  4:00  Probe  
  46  4:07  Shield Battery  
  46  4:14  Stalker  
  42  4:21  Probe x2  
  41  4:29  Sentry, Probe x2  
  41  4:30  Protoss Ground Weapons Level 1  
  47  4:38  Probe  
  47  4:39  Probe  
  47  4:42  Observer  
  50  4:48  Pylon  
  50  4:51  Probe x2  
  52  5:00  Assimilator  
  52  5:03  Assimilator, Probe x2  
  52  5:05  Shield Battery  
  52  5:06  Stalker  
  55  5:15  Probe  
  55  5:16  Adept  
  53  5:24  Probe  
  53  5:27  Probe  
  52  5:30  Adept  
  52  5:35  Probe  
  54  5:37  Probe  
  52  5:43  Probe  
  52  5:45  Probe  
  52  5:49  Twilight Council  
  54  5:50  Sentry  
  54  5:51  Probe  
  54  5:53  Probe  
  57  6:03  Probe  
  59  6:05  Probe  
  60  6:12  Probe  
  60  6:18  Probe  
  62  6:20  Probe  
  62  6:24  Immortal  
  67  6:29  Probe  
  67  6:30  Probe  
  67  6:41  Probe  
  67  6:42  Probe  
  65  6:50  Charge  
  65  6:56  Gateway  
  65  6:57  Gateway, Templar Archives  
  65  7:00  Gateway  
  65  7:02  Gateway  
  65  7:04  Warp Prism  
  67  7:15  Gateway  
  67  7:18  Gateway  
  67  7:31  Pylon  
  67  7:37  Pylon  
  67  7:55  High Templar x4  
  75  8:01  Nexus  
  75  8:03  Pylon, Archon x2  
  73  8:10  Pylon  
  73  8:12  Zealot x4  
  81  8:31  Zealot x4  
  93  8:35  Zealot x3  
  93  8:43  Zealot  
  77  8:51  Zealot  
  77  8:52  Zealot x2  
  73  8:57  Zealot x2  
  73  9:02  High Templar  
  71  9:03  High Templar  
  71  9:04  Zealot  
  71  9:07  Archon  
Show
View Real Time Build Order
Export as new Build Order

ShoWTimE Protoss - Winner!

Build Orders: Zealot Archon 

Get SALT Encoding   

  12  0:00  Probe  
  13  0:12  Probe  
  14  0:17  Pylon  
  14  0:24  Probe  
  15  0:32  Probe  
  15  0:36  Gateway  
  15  0:40  Probe  
  16  0:46  Assimilator  
  17  0:51  Probe  
  17  0:54  Assimilator  
  18  0:59  Probe  
  19  1:07  Probe  
  19  1:13  Gateway  
  19  1:17  Probe  
  20  1:25  Cybernetics Core  
  21  1:29  Probe  
  22  1:33  Pylon  
  22  1:41  Probe  
  23  1:51  Warp Gate  
  23  1:53  Probe  
  24  2:00  Adept  
  24  2:01  Adept  
  28  2:10  Pylon  
  28  2:30  Adept  
  28  2:31  Adept  
  32  2:42  Nexus  
  32  3:00  Adept  
  32  3:01  Adept  
  32  3:04  Robotics Facility  
  36  3:11  Pylon  
  36  3:32  Probe  
  37  3:38  Shield Battery  
  37  3:39  Adept x2  
  41  3:44  Probe  
  42  3:53  Probe  
  42  3:54  Observer  
  44  3:56  Probe  
  44  4:00  Stalker x2  
  44  4:01  Probe  
  49  4:09  Probe x2  
  50  4:21  Probe  
  49  4:25  Sentry x2, Probe  
  49  4:30  Forge  
  54  4:33  Probe x2  
  56  4:45  Probe  
  61  4:46  Probe  
  61  4:52  Pylon  
  62  4:53  Warp Prism  
  62  4:57  Probe  
  62  4:58  Probe  
  62  5:02  Pylon  
  62  5:10  Probe x2  
  62  5:12  Protoss Ground Weapons Level 1  
  62  5:22  Probe  
  62  5:23  Probe  
  62  5:28  Immortal, Sentry  
  64  5:29  Twilight Council  
  64  5:30  Assimilator  
  64  5:32  Assimilator  
  64  5:34  Probe  
  64  5:35  Probe  
  64  5:46  Stalker  
  64  5:47  Shield Battery  
  64  5:49  Shield Battery  
  64  5:51  Gateway  
  64  5:57  Immortal  
  64  6:04  Gateway  
  68  6:13  Charge  
  67  6:18  Adept  
  67  6:19  Adept  
  67  6:23  Gateway  
  71  6:36  Probe x2  
  71  6:38  Observer  
  71  6:40  Zealot x2  
  73  6:51  Templar Archives  
  73  6:52  Probe x2  
  75  7:00  Gateway  
  75  7:04  Gateway  
  75  7:11  Gateway  
  75  7:13  Gateway  
  75  7:17  Pylon  
  75  7:19  Probe  
  75  7:20  Pylon  
  76  7:28  High Templar, Pylon  
  78  7:38  High Templar x3  
  78  7:41  Nexus  
  78  7:43  Pylon, Archon  
  78  7:44  Archon  
  84  7:50  Zealot  
  82  7:57  Zealot  
  84  8:07  Pylon  
  84  8:15  High Templar x2  
  84  8:16  Zealot x5  
  84  8:17  Zealot  
  100  8:21  Archon  
  100  8:29  Pylon  
  92  8:44  Zealot x4  
  92  8:47  Zealot x3  
  82  9:03  Zealot x2  
  82  9:04  Zealot x3  
  82  9:05  Zealot  
Tags
 
Add a new tag
Caveats
  • Supply blocks, unpowered buildings, or Contaminate may cause inaccurate times.
  • Supply counts are checked every 10 seconds.